AoeStats
← Davos01

Arena

509605071Analyzed
1v1 RM · 6d ago on Sep 27, 2026· 48m 39s· 2 players
Game mode
Random Map
Map size
Tiny (2 player)
Population
200
Speed
Normal
Resources
Standard
Victory
Conquest
Starting age
Dark Age
Ending age
Imperial Age
RankedLock teamsTeams togetherTeam positionsShared explorationLock speedFull tech treeHidden civsTurbo modeCheats
Victory
Defeat
567
+15
🇦🇺 Franks · Australia
549
-23
Davos01
0:32 Loom
11:40 Feudal Age
18:29 Castle Age
18:23 Double-Bit Axe
29:06 Husbandry
29:14 Scale Barding Armor
29:20 Forging
29:39 Bow Saw
31:49 Murder Holes
33:33 Gold Mining
34:45 Stone Mining
38:17 Imperial Age
37:11 Wheelbarrow
37:22 Fletching
42:57 Man-at-Arms
44:32 Iron Casting
43:59 Padded Archer Armor
44:22 Crossbowman
46:02 Gold Shaft Mining
47:27 Elite Throwing Axeman
the hero of Canton | #savetf2
2:34 Loom
12:08 Feudal Age
12:48 Double-Bit Axe
13:40 Wheelbarrow
13:17 Horse Collar
21:21 Castle Age
19:44 Stone Mining
22:06 Forging
22:54 Scale Mail Armor
26:06 Hand Cart
29:25 Gold Mining
29:55 Squires
29:32 Pikeman
30:07 Fletching
30:10 Town Watch
30:53 Bow Saw
35:02 Imperial Age
34:29 Town Patrol
35:44 Iron Casting
35:25 Chain Mail Armor
35:48 Bodkin Arrow
37:03 Two-Man Saw
36:28 Capped Ram
38:35 Chemistry
37:41 Siege Engineers
37:17 Treadmill Crane
37:58 Ballistics
38:16 Plate Mail Armor
39:44 Bracer
40:45 Blast Furnace
40:19 Conscription
40:57 Elite Varangian Guard
43:38 Masonry
43:39 Fortified Wall
45:27 Architecture
46:42 Stone Shaft Mining
45:36 Siege Ram
Connection lost

Rejoining the realm…

Still unreachable

The connection could not be restored.

Session expired

The server has moved on; the page needs a fresh start.